 Dungeon Crawl Stone Soup version 0.18-a0-1670-gb40d73e (webtiles) character file.

22511 Kidiri the Thaumaturge (level 12, -16/68 HPs)
             Began as a Deep Elf Fire Elementalist on Apr 1, 2016.
             Was a High Priest of Vehumet.
             Demolished by Rupert
             ... wielding a +5 battleaxe of flaming
              (41 damage)
             ... while paralysed by Rupert
             ... on level 3 of the Lair of Beasts.
             The game lasted 00:58:57 (15559 turns).

Kidiri the Thaumaturge (DEFE)                      Turns: 15559, Time: 00:58:57

Health: -16/68     AC:  8    Str:  7    XL:     12   Next: 63%
Magic:  20/30      EV:  2    Int: 36    God:    Vehumet [*****.]
Gold:   1277       SH:  0    Dex: 28    Spells: 11 memorised, 2 levels left

rFire  . . .     SeeInvis .     o - +8 dagger "Samalan" {pierce, Dex+7}
rCold  . . .     Gourm    .     a - +2 robe
rNeg   + . .     Faith    +     E - +4 shield {reflect}
rPois  +         Spirit   .     (helmet restricted)
rElec  .         Dismiss  .     d - +2 cloak
rCorr  .         Reflect  +     (no gloves)
SustAt .         Harm     .     r - +0 pair of boots of the Vestibule of Hell {Dex+3}
MR     +....                    D - amulet "Dugocvefap" {Faith rN+ Dex+3 Stlth-}
Stlth  ++........               B - +6 ring of intelligence
                                b - +2 ring of intelligence

@: paralysed, somewhat resistant to hostile enchantments, unstealthy
A: antennae 1, hooves 1, clever 1, poison resistance, regeneration 1, strong 1,
no device heal 1
a: Renounce Religion


You were on level 3 of the Lair of Beasts.
You worshipped Vehumet.
Vehumet was extremely pleased with you.
You were not hungry.

You visited 3 branches of the dungeon, and saw 15 of its levels.
You also visited: Ice Cave.

You collected 1466 gold pieces.
You spent 189 gold pieces at shops.

Inventory:

Hand Weapons
 o - the +8 dagger "Samalan" (weapon) {pierce, Dex+7}
   (You found it on level 4 of the Dungeon)

   It inflicts extra damage upon your enemies.
   It affects your dexterity (+7).
Missiles
 k - a throwing net (quivered)
Armour
 a - a +2 robe (worn)
 d - a +2 cloak (worn)
 r - the +0 pair of boots of the Vestibule of Hell (worn) {Dex+3}
   (You acquired it on level 3 of the Lair of Beasts)

   It affects your dexterity (+3).
 E - a +4 shield of reflection (worn)
Jewellery
 b - a +2 ring of intelligence (left hand)
 q - an uncursed ring of see invisible
 B - a +6 ring of intelligence (right hand)
 D - the amulet "Dugocvefap" (around neck) {Faith rN+ Dex+3 Stlth-}
   (You found it on level 5 of the Dungeon)

   [amulet of faith]

   It allows you to gain divine favour quickly.
   It affects your dexterity (+3).
   It protects you from negative energy.
   It makes you less stealthy.
 I - an uncursed ring of flight
Scrolls
 e - 3 scrolls of immolation
 p - a scroll of recharging
 s - 4 scrolls of teleportation
 t - a scroll of blinking {unknown}
 w - 6 scrolls of remove curse
 C - 2 scrolls of fear
 F - a scroll of magic mapping
Potions
 f - 2 potions of brilliance
 h - 3 potions of haste
 i - a potion of heal wounds
 n - 2 potions of lignification
 x - 3 potions of agility
 z - 6 potions of curing
 A - 2 potions of might
 G - 2 potions of beneficial mutation {unknown}
 J - a potion of flight
Books
 m - a book of Air

   Spells                             Type                      Level
   a - Shock                          Conjuration/Air              1
   b - Swiftness                      Charms/Air                   2
   c - Repel Missiles                 Charms/Air                   2
   d - Static Discharge               Conjuration/Air              3
   e - Lightning Bolt                 Conjuration/Air              5
Miscellaneous
 l - a plain deck of changes
Comestibles
 c - 6 bread rations
 j - 6 meat rations


   Skills:
 + Level 5.2 Fighting
 + Level 4.5 Armour
 * Level 10.6 Dodging
 - Level 2.4 Stealth
 + Level 4.3 Shields
 * Level 12.0 Spellcasting
 + Level 6.8 Conjurations
 + Level 8.3 Hexes
 + Level 3.7 Transmutations
 + Level 8.3 Fire Magic
 + Level 3.8 Air Magic
 + Level 1.8 Earth Magic
 + Level 5.4 Poison Magic
 + Level 4.1 Evocations


You had 2 spell levels left.
You knew the following spells:

 Your Spells              Type           Power        Failure   Level  Hunger
a - Flame Tongue          Conj/Fire      #####        1%          1    None
b - Throw Flame           Conj/Fire      ######       1%          2    None
c - Conjure Flame         Conj/Fire      ######..     1%          3    None
d - Inner Flame           Hex/Fire       ######..     1%          3    None
e - Sticky Flame          Conj/Fire      ######..     1%          4    None
f - Fireball              Conj/Fire      ######....   3%          5    None
g - Sting                 Conj/Pois      ####         1%          1    None
h - Static Discharge      Conj/Air       ######..     1%          3    None
i - Ignite Poison         Fire/Trmt/Pois ######..     1%          3    None
j - Mephitic Cloud        Conj/Pois/Air  ######..     1%          3    None
k - Bolt of Magma         Conj/Fire/Erth ######....   5%          5    None


Dungeon Overview and Level Annotations

Branches:
Dungeon (11/15)            Temple (1/1) D:5            Lair (3/8) D:8
  Swamp: Lair:3-6    Shoals: Lair:3-6     Snake: Lair:3-6    Spider: Lair:3-6
    Orc: D:9-12

Altars:
Ashenzari
Cheibriados
Dithmenos
Elyvilon
Fedhas
Gozag
Kikubaaqudgha
Makhleb
Nemelex Xobeh
Okawaru
Pakellas
Qazlal
Ru
Sif Muna
Trog
Vehumet
Xom
Yredelemnul
Zin
The Shining One

Shops:
D:5 *   D:8 *   D:9 :

Annotations:
Lair:3 Rupert


Innate Abilities, Weirdness & Mutations

You have a pair of small antennae on your head.
You have large cloven feet.
Your mind is acute. (Int +2)
Your system is resistant to poisons.
Your natural rate of healing is unusually fast.
Your muscles are strong. (Str +2)
Potions and wands are less effective at restoring your health.


Message History

Casting: Sticky Flame
Confirm with . or Enter, or press ? or * to list all spells.
Aiming: Conjure Flame
Press: ? - help, Dir - move target cursor The fire roars!
Rupert is engulfed in roaring flames.
Rupert yells loudly at you.
You suddenly lose the ability to move!
Rupert is engulfed in roaring flames.
Rupert hits you with a battleaxe of flaming!
Rupert burns you.
Rupert is engulfed in roaring flames.
Rupert roars madly and goes into a rage!
Rupert goes berserk!
Rupert is engulfed in roaring flames.
Rupert hits you with a battleaxe of flaming!!
Rupert burns you.
Rupert is engulfed in roaring flames.
Rupert hits you with a battleaxe of flaming!!!
Ouch! That really hurt!
You die...

#..PP..
#..P..##
#.....P#####
#.........##
..#..........#
.......†....#
##########..#
##@## #.@.####
# ##.##PP#.#.
#.........
#### ### ##
#.......PP
#..##..##.#
#...#...P.
.........#
#...# ####
.........#
#...#
>........###
##...#
...=.......#
#....#


You could see Rupert (berserk).

Vanquished Creatures
  A hydra (Lair:1)
  2 ice dragons (IceCv)
  18 elephants
  A black mamba (Lair:1)
  2 ice statues (IceCv)
  3 spiny frogs
  A komodo dragon (Lair:1)
  2 trolls
  A two-headed ogre (D:8)
  7 blink frogs (Lair:3)
  16 yaks
  2 basilisks
  7 hippogriffs
  3 water moccasins
  5 porcupines
  19 ice beasts
  An orc warrior (D:7)
  3 ogres
  A phantom (D:6)
  A necrophage (D:8)
  2 wolves (D:8)
  2 centaurs
  A crocodile (shapeshifter) (D:9)
  7 crocodiles
  8 giant frogs
  A wyvern zombie (D:7)
  4 scorpions
  A howler monkey (D:5)
  4 electric eels (D:8)
  A jelly (D:7)
  5 crimson imps
  A giant frog zombie (D:9)
  10 hounds
  3 orc priests
  2 orc wizards (D:8)
  A centaur skeleton (D:8)
  A giant frog skeleton (D:7)
  5 iguanas
  5 worker ants
  A killer bee zombie (D:6)
  13 sheep
  2 hound skeletons (D:6)
  13 adders
  15 gnolls
  27 river rats
  2 shadow imps
  12 white imps (Lair:2)
  2 oozes
  An adder zombie (D:7)
  An adder skeleton (D:4)
  5 worms
  3 dart slugs
  7 giant geckos
  24 orcs
  6 bats
  7 giant cockroaches
  6 goblins
  8 hobgoblins
  16 jackals
  4 quokkas
  2 ball pythons
  2 giant gecko skeletons
  7 giant newts
  6 kobolds
  A quokka zombie (D:5)
  5 rats
358 creatures vanquished.

Vanquished Creatures (others)
  A scorpion (D:4)
  2 adders (D:4)
  An orc (D:4)
  A ball python (D:4)
  A giant cockroach (D:4)
  50 fungi (Lair:1)
  16 plants (Lair:1)
72 creatures vanquished.

Grand Total: 430 creatures vanquished

Notes
Turn   | Place    | Note
--------------------------------------------------------------
     0 | D:1      | Kidiri the Deep Elf Fire Elementalist began the quest for the Orb.
     0 | D:1      | Reached XP level 1. HP: 10/10 MP: 6/6
   306 | D:1      | Reached XP level 2. HP: 15/15 MP: 6/8
   310 | D:1      | Learned a level 2 spell: Throw Flame
   787 | D:1      | Reached XP level 3. HP: 20/20 MP: 7/10
   792 | D:1      | Learned a level 3 spell: Conjure Flame
   796 | D:1      | Learned a level 3 spell: Inner Flame
  1273 | D:2      | Reached skill level 4 in Spellcasting
  1273 | D:2      | Reached XP level 4. HP: 24/24 MP: 4/12
  1499 | D:2      | Reached skill level 1 in Fighting
  1527 | D:2      | Found a sparkling altar of Nemelex Xobeh.
  1953 | D:2      | Reached XP level 5. HP: 29/29 MP: 3/14
  1974 | D:2      | Learned a level 4 spell: Sticky Flame
  2213 | D:2      | Reached skill level 5 in Spellcasting
  2213 | D:2      | Reached skill level 1 in Hexes
  2913 | D:3      | Reached XP level 6. HP: 34/34 MP: 9/16
  4373 | D:4      | Got a twisted dagger
  4374 | D:4      | Identified the +8 dagger "Samalan" {pierce, Dex+7} (You found it on level 4 of the Dungeon)
  4434 | D:4      | Found a shadowy altar of Dithmenos.
  4597 | D:4      | Found a shattered altar of Ashenzari.
  4826 | D:4      | Found a shimmering altar of Xom.
  4840 | D:4      | Reached skill level 6 in Spellcasting
  4840 | D:4      | Reached XP level 7. HP: 39/39 MP: 10/18
  4847 | D:4      | Learned a level 5 spell: Fireball
  5334 | D:5      | Entered Level 5 of the Dungeon
  5560 | D:5      | Reached skill level 5 in Fire Magic
  5992 | D:5      | Got a steaming steel amulet
  5994 | D:5      | Identified the amulet "Dugocvefap" {Faith rN+ Dex+3 Stlth-} (You found it on level 5 of the Dungeon)
  6003 | D:5      | Found Plog's General Store.
  6013 | D:5      | Bought a +1 shield of reflection for 189 gold pieces
  6030 | D:5      | Found a staircase to the Ecumenical Temple.
  6036 | Temple   | Entered the Ecumenical Temple
  6096 | Temple   | Became a worshipper of Vehumet
  6332 | D:6      | Reached skill level 7 in Spellcasting
  6754 | D:6      | Gained mutation: Potions and wands are less effective at restoring your health. [potion of mutation]
  6754 | D:6      | Gained mutation: Scrolls take you a little longer to read. [potion of mutation]
  6754 | D:6      | Gained mutation: Your muscles are strong. (Str +2) [potion of mutation]
  6831 | D:6      | Reached XP level 8. HP: 45/45 MP: 16/21
  6882 | D:6      | Found an opulent altar of Gozag.
  7090 | D:6      | Reached skill level 5 in Dodging
  7201 | D:6      | Found an ancient bone altar of Kikubaaqudgha.
  7349 | D:7      | Reached skill level 1 in Armour
  7446 | D:7      | Found a stormy altar of Qazlal.
  7467 | D:7      | Reached skill level 1 in Shields
  7629 | D:7      | Found an iron altar of Okawaru.
  7675 | D:7      | Reached * piety under Vehumet
  7675 | D:7      | Offered knowledge of Sting by Vehumet.
  7678 | D:7      | Learned a level 1 spell: Sting
  7683 | D:7      | Reached skill level 8 in Spellcasting
  7866 | D:7      | Found a glowing golden altar of the Shining One.
  7899 | D:7      | Reached skill level 1 in Poison Magic
  8198 | D:7      | Reached XP level 9. HP: 36/49 MP: 17/23
  8650 | D:8      | Identified a +0 rod of inaccuracy (9/9) (You found it on level 8 of the Dungeon)
  8657 | D:8      | Reached ** piety under Vehumet
  8708 | D:8      | Noticed a troll
  8716 | D:8      | Killed a troll
  8716 | D:8      | Offered knowledge of Freeze by Vehumet.
  8716 | D:8      | Reached skill level 5 in Hexes
  8931 | D:8      | Reached skill level 9 in Spellcasting
  8969 | D:8      | Found a staircase to the Lair.
  9169 | D:8      | Gained mutation: Your natural rate of healing is unusually fast. [potion of mutation]
  9169 | D:8      | Gained mutation: You have large cloven feet. [potion of mutation]
  9169 | D:8      | Gained mutation: Your mind is acute. (Int +2) [potion of mutation]
  9275 | D:8      | Offered knowledge of Static Discharge by Vehumet.
  9275 | D:8      | Reached skill level 5 in Conjurations
  9280 | D:8      | Learned a level 3 spell: Static Discharge
  9442 | D:8      | Found Uref's General Store.
  9617 | D:8      | You fall through a shaft for 3 floors!
  9617 | D:11     | Noticed a troll
  9660 | D:11     | Reached skill level 1 in Air Magic
  9663 | D:11     | Killed a troll
  9663 | D:11     | Reached XP level 10. HP: 39/56 MP: 0/25
  9868 | D:10     | Entered Level 10 of the Dungeon
  9876 | D:9      | Found Qofuub's Book Shop.
  9916 | D:9      | Reached *** piety under Vehumet
  9930 | D:9      | Gained mutation: You have a pair of small antennae on your head. [mutagenic meat]
  9931 | D:9      | Gained mutation: Your system is resistant to poisons. [mutagenic meat]
  9932 | D:9      | Lost mutation: Scrolls take you a little longer to read. [mutagenic meat]
 10518 | Lair:1   | Entered Level 1 of the Lair of Beasts
 10525 | Lair:1   | Reached skill level 10 in Spellcasting
 10527 | Lair:1   | Reached skill level 1 in Evocations
 10528 | Lair:1   | Offered knowledge of Ignite Poison by Vehumet.
 10560 | Lair:1   | Learned a level 3 spell: Ignite Poison
 10748 | Lair:1   | Noticed an elephant
 10763 | Lair:1   | Killed an elephant
 10823 | Lair:1   | Noticed an elephant
 10851 | Lair:1   | Killed an elephant
 10851 | Lair:1   | Reached skill level 1 in Transmutations
 11187 | Lair:1   | Noticed an elephant
 11202 | Lair:1   | Killed an elephant
 11275 | Lair:1   | Noticed an elephant
 11304 | Lair:1   | Killed an elephant
 11304 | Lair:1   | Reached XP level 11. HP: 61/61 MP: 18/27
 11431 | Lair:1   | Reached **** piety under Vehumet
 11442 | Lair:1   | Offered knowledge of Mephitic Cloud by Vehumet.
 11447 | Lair:1   | Learned a level 3 spell: Mephitic Cloud
 11783 | Lair:1   | Reached skill level 11 in Spellcasting
 11913 | Lair:1   | Noticed an eight-headed hydra
 11925 | Lair:1   | Killed an eight-headed hydra
 12995 | Lair:2   | Reached skill level 10 in Dodging
 13054 | Lair:2   | Reached XP level 12. HP: 53/67 MP: 17/29
 13207 | Lair:2   | Found a frozen archway.
 13215 | Lair:2   | Reached ***** piety under Vehumet
 13222 | Lair:2   | Offered knowledge of Bolt of Magma by Vehumet.
 13270 | IceCv    | Entered an ice cave
 13678 | IceCv    | Learned a level 5 spell: Bolt of Magma
 13935 | IceCv    | Noticed an ice dragon
 13941 | IceCv    | Noticed an ice dragon
 13973 | IceCv    | Killed an ice dragon
 13973 | IceCv    | Killed an ice dragon
 13973 | IceCv    | Reached skill level 5 in Poison Magic
 14462 | Lair:2   | Reached skill level 5 in Fighting
 15090 | Lair:3   | Reached skill level 1 in Earth Magic
 15157 | Lair:3   | Identified a scroll of acquirement
 15158 | Lair:3   | Got a pair of ichor-stained boots
 15164 | Lair:3   | Identified the +0 pair of boots of the Vestibule of Hell {Dex+3} (You acquired it on level 3 of the Lair of Beasts)
 15210 | Lair:3   | Reached skill level 12 in Spellcasting
 15544 | Lair:3   | Noticed Rupert
 15555 | Lair:3   | Paralysed by Rupert for 6 turns
 15559 | Lair:3   | Demolished by Rupert

Vault maps used:
D:1:      mrwooster_arrival_statue_2, minivault_27, minivault_24
D:2:      lemuel_round_altar, first_bread, kennysheep_generic_room_3
D:3:      st_stairs_8
D:4:      xom_confusion_cloud, grunt_dithmenos_smoke_and_mirrors,
          roderic_lattice_a, nicolae_ashenzari_panopticon
D:5:      minmay_temple_entry_fiery, serial_shops, shop, serial_bayou_crossing
D:6:      nicolae_gozag_cash_rules_everything_around_me,
          lemuel_coloured_pillars_altar
D:7:      tso_altar, nicolae_overflow_crystal_walls, kennysheep_little_box
D:8:      erik_lair_island, serial_shops, shop
D:9:      serial_shops, shop, shop, shop, nicolae_shop_trees, shop,
          serial_glass, glass_columns_b, glass_columns_a, glass_columns_c,
          glass_columns_c, glass_columns_a, glass_columns_a
D:11:     david_orc_3, uniq_grum
Temple:   nicolae_temple_x_marks_the_god
Lair:1:   mu_elephants_graveyard, wad_woods_03
Lair:2:   portal_ice_cave_entry_imps, serial_bayou_shore_b
Lair:3:   serial_bayou_shore_b, uniq_rupert
IceCv:    ice_cave_small_dragons

Skill      XL: |  1  2  3  4  5  6  7  8  9 10 11 12 |
---------------+-------------------------------------+-----
Dodging        | 3 4 5 7 9 10 | 10.6
Conjurations   | 2 3 4 5 6 |  6.8
Spellcasting   | 4 5 6 7 8 9 10 11 12 | 12.0
Fighting       | 1 2 3 4 5 |  5.2
Fire Magic     | 4 5 6 7 8 |  8.3
Hexes          | 1 2 3 4 6 7 8 |  8.3
Armour         | 1 2 3 4 |  4.5
Shields        | 1 2 3 4 |  4.3
Poison Magic   | 1 2 3 4 5 |  5.4
Air Magic      | 1 2 3 |  3.8
Evocations     | 2 3 4 |  4.1
Transmutations | 1 2 3 |  3.7
Earth Magic    | 1 |  1.8
Stealth        | |  2.4

Action                   |  1- 3 |  4- 6 |  7- 9 | 10-12 || total
-------------------------+-------+-------+-------+-------++-------
Melee: Unarmed           |     5 |       |       |       ||     5
       Short sword       |     6 |    12 |       |       ||    18
       Dagger            |       |   147 |    74 |   243 ||   464
Throw: Throwing net      |       |     2 |       |       ||     2
 Cast: Flame Tongue      |    52 |   126 |   149 |   206 ||   533
       Throw Flame       |     8 |    35 |    53 |    29 ||   125
       Conjure Flame     |       |     3 |     3 |    16 ||    22
       Inner Flame       |       |     1 |       |     3 ||     4
       Sticky Flame      |       |       |    18 |    84 ||   102
       Fireball          |       |       |       |     8 ||     8
       Bolt of Magma     |       |       |       |     2 ||     2
  Use: Scroll            |     7 |     9 |    11 |     4 ||    31
       Potion            |       |       |     2 |     1 ||     3
 Stab: Sleeping          |     1 |     1 |     1 |       ||     3
       Held in net/web   |       |     2 |       |       ||     2
  Eat: Chunk             |     1 |    10 |     9 |    10 ||    30
       Beef jerky        |       |     1 |     2 |       ||     3
       Bread ration      |       |       |     1 |       ||     1
       Royal jelly       |       |       |       |     1 ||     1
       Meat ration       |       |       |       |     2 ||     2
